 Dungeon Crawl Stone Soup version 0.26-a0-597-gb535b0901c (webtiles) character file.

Game seed: 14577640470606039372

4 Lanoc the Sneak (level 1, 0/18 HPs)
             Began as a Merfolk Delver on Sept 12, 2020.
             Was an Initiate of Fedhas.
             Slain by a leopard gecko (5 damage)
             ... on level 3 of the Dungeon.
             The game lasted 00:00:27 (203 turns).

Lanoc the Sneak (Merfolk Delver)                     Turns: 203, Time: 00:00:27

Health: 0/18       AC:  3    Str: 12    XL:     1   Next: 60%
Magic:  1/1        EV: 13    Int:  9    God:    Fedhas [......]
Gold:   13         SH:  0    Dex: 15    Spells: 0/0 levels left

rFire    . . .     SeeInvis .   a - +0 spear
rCold    . . .     Faith    .   (no shield)
rNeg     . . .     Spirit   .   b - +0 leather armour
rPois    .         Reflect  .   (no helmet)
rElec    .         Harm     .   (no cloak)
rCorr    .                      (no gloves)
MR       .....                  (no boots)
Stlth    +++.......             (no amulet)
HPRegen  0.06/turn              (no ring)
MPRegen  0.07/turn              (no ring)

@: no status effects
A: change form in water, swift swim, stealthy swim
a: Renounce Religion


You were on level 3 of the Dungeon.
You worshipped Fedhas.
Fedhas was noncommittal.
You visited 1 branch of the dungeon, and saw 3 of its levels.

You collected 13 gold pieces.

Inventory:

Hand Weapons
 a - a +0 spear (weapon)
Armour
 b - a +0 leather armour (worn)
Wands
 g - a wand of digging (3)
Scrolls
 c - a scroll of fog
 d - a scroll of magic mapping
 e - 2 scrolls of fear
 h - a scroll of identify {unknown}
Potions
 f - a potion of haste


   Skills:
 + Level 3.3 Fighting
 * Level 3.2 Polearms
 + Level 2.8 Dodging
 - Level 5.4 Stealth
 + Level 0.2 Invocations


You couldn't memorise any spells.
You didn't know any spells.
Your spell library was empty.

Dungeon Overview and Level Annotations

Branches:
Dungeon (5/15)
 Temple: D:4-7

Altars:
Fedhas


Message History

You closely miss the leopard gecko. The leopard gecko bites you.
You are too injured to fight recklessly!
You are too injured to fight recklessly!
You are too injured to fight recklessly!
You hit the leopard gecko.
The leopard gecko is severely wounded.
The leopard gecko bites you.
You barely miss the leopard gecko.
The leopard gecko is severely wounded.
The leopard gecko bites you but does no damage.
You miss the leopard gecko.
The leopard gecko is severely wounded.
The leopard gecko misses you.
You barely miss the leopard gecko.
The leopard gecko is severely wounded.
The leopard gecko bites you.
* * * LOW HITPOINT WARNING * * *
The leopard gecko bites you.
You die...
Fedhas appreciates your contribution to the ecosystem.

#. # #. . #.## #. ..#
#.#######.#######
#...#<.$..#.....##
#..!........>..##
#####....)..........#
..[...l@.)..............
#####...................
#...................
#...................
#................>..
##..................
##.....#...........
############


You could see a leopard gecko.

Vanquished Creatures
  A worm (D:5)
  A goblin (D:3)
2 creatures vanquished.

Notes
Turn   | Place    | Note
-------+----------+-------------------------------------------
     0 | D:5      | Lanoc the Merfolk Delver began the quest for the Orb.
     0 | D:5      | Reached XP level 1. HP: 18/18 MP: 1/1
    39 | D:5      | Found a blossoming altar of Fedhas.
    48 | D:5      | Became a worshipper of Fedhas Madash
   203 | D:3      | Slain by a leopard gecko

Illustrated notes

Levels and vault maps discovered:
D:3:      layout_rooms
D:4:      layout_loops_cross, minmay_temple_entry_junction
D:5:      layout_loops_corners, fedhas_altar_2, uniq_eustachio

Action                   || total
-------------------------++-------
Melee: Spear             ||    12
       Tailslap          ||     1
 Stab: Sleeping          ||     2
Armor: Leather armour    ||     1
Dodge: Dodged            ||     1

Table legend: (Time is in decaauts)
 A = Elapsed time spent in this place.
 B = Non-inter-level travel time spent in this place.
 C = Inter-level travel time spent in this place.
 D = Time resting spent in this place.
 E = Time spent auto-exploring this place.
 F = Levels seen in this place.
 G = Mean time per level.
                   A        B        C        D        E       F      G
               +--------+--------+--------+--------+--------+-----+--------+
         Total |    199 |    199 |      0 |    115 |     43 |   3 |   66.3 |
       Dungeon |    199 |    199 |      0 |    115 |     43 |   3 |   66.3 |
               +--------+--------+--------+--------+--------+-----+--------+

Top non-repeatable levels by time:
     D:3: 133 daAuts
     D:5: 59 daAuts
     D:4: 6 daAuts
